 Dungeon Crawl Stone Soup version 0.31.0-11-ge490571c62 (webtiles) character file.

Game seed: 4123906818932880894

56357 sanka the Bludgeoner (level 14, -13/135 HPs)
             Began as a Minotaur Fighter on Jan 27, 2024.
             Was a High Priest of the Shining One.
             Killed from afar by a tengu reaver (46 damage)
             ... with a bolt of acid
             ... on level 1 of the Depths.
             The game lasted 00:38:02 (18271 turns).

sanka the Bludgeoner (Minotaur Fighter)            Turns: 18271, Time: 00:38:03

Health: -13/135    AC: 21    Str: 22    XL:     14   Next: 41%
Magic:  16/16      EV:  7    Int:  5    God:    the Shining One [*****.]
Gold:   1451       SH: 24    Dex: 17    Spells: 13/13 levels left

rFire   . . .        a - +0 morningstar
rCold   + . .        O - +0 tower shield
rNeg    + + +        G - +0 plate armour
rPois   .            (helmet restricted)
rElec   .            X - +2 cloak
rCorr   .            N - +1 pair of gloves of Uskayaw, Rescuing {rN+ Dex+3}
SInv    .            L - +1 pair of boots
Will    +....        r - amulet of reflection Stlth
                     S - ring of protection from fire
HPRegen 0.42/turn    g - ring of ice
MPRegen 0.15/turn

%: reflection
@: mighty, corroded, fragile (+50% incoming damage), glowing, studying Throwing
A: horns 2, retaliatory headbutt
a: Renounce Religion, Divine Shield, Cleansing Flame, Summon Divine Warrior


You were on level 1 of the Depths.
You worshipped the Shining One.
The Shining One was extremely pleased with you.
You visited 3 branches of the dungeon, and saw 17 of its levels.
You also visited: Bailey.

You collected 1874 gold pieces.
You spent 423 gold pieces at shops.


Innate Abilities, Weirdness & Mutations

You have a pair of horns on your head.
You reflexively headbutt those who attack you in melee.


   Skills:
 - Level 15.0 Fighting
 - Level 16.0 Maces & Flails
 - Level 15.0 Armour
 + Level 3.3 Dodging
 - Level 15.0 Shields
 - Level 5.0 Invocations


You had 13 spell levels left.
You didn't know any spells.
Your spell library contained the following spells:

 Spells                   Type           Power      Damage    Failure   Level
 Freeze                   Ice            0%         1d3       100%        1
 Summon Small Mammal      Summ           0%         N/A       100%        1
 Cigotuvi's Dreadful Rot  Necr/Alch/Air  0%         N/A       100%        2
 Ensorcelled Hibernation  Hex/Ice        0%         N/A       100%        2
 Static Discharge         Conj/Air       0%         3-3/arc   100%        2
 Call Canine Familiar     Summ           0%         N/A       100%        3
 Dazzling Flash           Conj/Hex       0%         N/A       100%        3
 Frozen Ramparts          Ice            0%         1d1       100%        3
 Fugue of the Fallen      Necr           0%         N/A       100%        3
 Hailstorm                Conj/Ice       0%         3d5       100%        3
 Mephitic Cloud           Conj/Alch/Air  0%         N/A       100%        3
 Ozocubu's Armour         Ice            0%         N/A       100%        3
 Summon Ice Beast         Ice/Summ       0%         N/A       100%        3
 Tukima's Dance           Hex            0%         N/A       100%        3
 Volatile Blastmotes      Fire/Tloc      0%         2d10      100%        3
 Airstrike                Air            0%         2d(0-16)  100%        4
 Anguish                  Hex/Necr       0%         N/A       100%        4
 Dimensional Bullseye     Hex/Tloc       0%         N/A       100%        4
 Fulminant Prism          Conj/Alch      0%         3d5       100%        4
 Ignite Poison            Fire/Alch      0%         N/A       100%        4
 Iskenderun's Mystic Bla  Conj/Tloc      0%         2d3       100%        4
 Leda's Liquefaction      Alch/Erth      0%         N/A       100%        4
 Manifold Assault         Tloc           0%         N/A       100%        4
 Petrify                  Alch/Erth      0%         N/A       100%        4
 Summon Blazeheart Golem  Fire/Summ      0%         N/A       100%        4
 Summon Lightning Spire   Summ/Air       0%         N/A       100%        4
 Curse of Agony           Necr           0%         N/A       100%        5
 Freezing Cloud           Conj/Ice/Air   0%         6-21      100%        5
 Metabolic Englaciation   Hex/Ice        0%         N/A       100%        5
 Silence                  Hex/Air        0%         N/A       100%        5
 Sculpt Simulacrum        Ice/Alch       0%         N/A       100%        6

Inventory:

Hand Weapons
 a - a +0 morningstar (weapon)
 V - a +2 demon trident of venom
Missiles
 i - a throwing net {=f}
 w - 6 curare-tipped darts (quivered) {=f}
Armour
 G - a +0 plate armour (worn)
 L - a +1 pair of boots (worn)
 N - the +1 pair of gloves of Uskayaw, Rescuing (worn) {rN+ Dex+3}

   Dex+3:     It affects your dexterity (+3).
   rN+:       It protects you from negative energy.
 O - a +0 tower shield (worn)
 X - a +2 cloak (worn)
Jewellery
 g - a ring of ice (right hand)
 l - a ring of flight
 r - an amulet of reflection (around neck)
 t - a +6 ring of dexterity
 A - a ring of willpower
 C - a ring of poison resistance
 E - a ring of fire
 K - an amulet of the acrobat
 P - an amulet of regeneration
 S - a ring of protection from fire (left hand)
Wands
 n - a wand of polymorph (6)
 y - a wand of flame (21)
 B - a wand of mindburst (10)
 Q - a wand of light (17)
 R - a wand of paralysis (16)
 W - a wand of digging (4)
Scrolls
 e - 2 scrolls of noise {!r}
 j - 8 scrolls of teleportation {@r4}
 k - 5 scrolls of revelation
 p - 4 scrolls of fear
 s - 5 scrolls of poison {!r}
 u - 4 scrolls of enchant weapon
 v - a scroll of summoning
 F - 4 scrolls of immolation {!r}
 I - a scroll of blinking
 T - a scroll of silence {!r}
 Y - 3 scrolls of vulnerability {!r}
Potions
 b - 3 potions of berserk rage {unknown}
 d - 4 potions of might
 f - 2 potions of attraction {unknown}
 h - 9 potions of enlightenment
 m - 3 potions of mutation {unknown}
 o - 3 potions of cancellation {unknown}
 q - 5 potions of curing {@q1}
 x - a potion of lignification {unknown}
 z - 4 potions of heal wounds {@q2}
 D - 2 potions of ambrosia {unknown}
 J - 2 potions of resistance {unknown}
 M - 4 potions of degeneration {unknown}
Miscellaneous
 H - a box of beasts
 Z - a lightning rod (4/4)

Dungeon Overview and Level Annotations

Branches:
Dungeon (15/15)            Temple (1/1) D:7            Lair (0/5) D:11
    Orc (0/2) D:10         Vaults (0/5) D:14         Depths (1/4) D:15
 Bailey (visited)

Altars:
Ashenzari
Cheibriados
Dithmenos
Elyvilon
Fedhas
Gozag
Hepliaklqana
Kikubaaqudgha
Makhleb
Nemelex Xobeh
Okawaru
Qazlal
Ru
Sif Muna
Trog
Uskayaw
Vehumet
Wu Jian
Xom
Yredelemnul
Zin
The Shining One

Shops:
D:7 [::*   D:8 *

Portals:
Ziggurat: Depths:1

Annotations:
D:10 exclusion: downstairs
D:11 exclusion: downstairs
Depths:1 exclusion: dread lich

▒≈≈≈...▒ ▒≈≈#.▒
▒≈≈#.▒ ▒▒≈≈.▒▒
.▒▒▒▒▒▒▒....▒
.........Q..▒
.▒▒▒.....▒▒▒
▒▒.Q▒▒▒ ▒..H▒▒
▒▒...▒ ▒..▒▒
▒...▒▒▒ ▒▒▒
▒.....▒▒▒.▒▒▒▒▒
▒.....▒▒......▒
▒..▒..........▒
▒▒▒............▒▒
..
.............▒▒▒


You could see a tengu reaver (repels missiles).


Message History

* * * LOW HITPOINT WARNING * * *
The acid corrodes you!
Unknown command.
You feel very mighty all of a sudden.
The tengu reaver gestures at you while chanting.
The bolt of negative energy hits you but does no damage.
You resist.
Unknown command.
You impale the tengu reaver!! Your headbutt misses the tengu reaver.
The tengu reaver is moderately wounded.
The tengu reaver hits you with a +0 heavy great mace.
* * * LOW HITPOINT WARNING * * *
You block the tengu reaver's attack. You block the tengu reaver's attack.
You hit the tengu reaver but do no damage.
Your headbutt misses the tengu reaver.
The tengu reaver is moderately wounded.
You impale the tengu reaver!!
The tengu reaver is severely wounded.
You block the tengu reaver's attack. You block the tengu reaver's attack.
You block the tengu reaver's attack.
You bludgeon the tengu reaver!!
The tengu reaver is almost dead.
You hit the tengu reaver but do no damage.
The tengu reaver is almost dead.
The tengu reaver gestures at you while chanting.
The bolt of acid hits you!!
You die...

Action                     |  1- 3 |  4- 6 |  7- 9 | 10-12 | 13-15 || total
---------------------------+-------+-------+-------+-------+-------++-------
  Melee: Flail             |    80 |   136 |   329 |   348 |       ||   893
         Headbutt          |    12 |    21 |    79 |   209 |   175 ||   496
         Morningstar       |       |       |       |   305 |   471 ||   776
  Throw: Dart              |       |       |       |     4 |     1 ||     5
 Invoke: Divine Shield     |       |       |       |     2 |     1 ||     3
  Evoke: Wand              |       |       |     5 |     7 |       ||    12
    Use: Scroll            |       |       |     9 |     5 |     1 ||    15
         Potion            |       |       |       |       |     4 ||     4
 Armour: Scale mail        |    50 |    59 |   150 |       |       ||   259
         Plate armour      |       |       |    11 |   350 |   196 ||   557
  Dodge: Dodged            |    41 |    42 |   103 |    69 |    36 ||   291
  Block: Buckler           |    21 |    57 |   161 |    27 |       ||   266
         Reflection        |       |     2 |    17 |    52 |    38 ||   109
         Tower shield      |       |       |       |   809 |   501 ||  1310

Levels and vault maps discovered:
D:1:      arrival_aquarium_a, layout_loops_ring, st_stairs_8,
          amcnicky_mini_rare_corridor_liquid, minmay_close_crescents
D:2:      layout_basic, grunt_decor_one_mirror, minmay_quantized
D:3:      layout_loops_ring, minmay_misc_feat_tiny, minmay_cupped, uniq_grinder
D:4:      layout_loops_corners, minmay_manual_moon, uniq_pikel, uniq_duvessa,
          uniq_menkaure
D:5:      lemuel_ice_spiral_2, layout_basic, okawaru_altar_gauntlet_db,
          biasface_ghost_orc_armoury
D:6:      layout_basic, mainiacjoe_overflow_boulevard, uniq_eustachio
D:7:      layout_gridville, nicolae_overflow_hallway_of_the_gods,
          minmay_temple_entry_grid, serial_shops,
          nicolae_shop_pleasant_corner_grove, nicolae_shop_tiny_glass,
          nicolae_square_shop, shop, enter_bailey_5, grunt_ministairs_9
D:8:      layout_rooms, serial_shops, nicolae_take_the_stairs, uniq_maggie
D:9:      layout_basic
D:10:     layout_roguey, mainiacjoe_overflow_alcove_1, orc_0_dummy
D:11:     layout_basic, lair_entry_dummy, ebering_ghost_reflecting_pool,
          uniq_erolcha
D:12:     layout_basic, grunt_decor_mini_mirrors,
          chequers_serial_rivers_micro_d, uniq_frances
D:13:     layout_cave_pools, grunt_gozag_statues
D:14:     minmay_crescents, layout_cross, david_vaults_5,
          minmay_misc_feat_pillars
D:15:     hangedman_depths_entry_try_elsewhere_first, layout_rooms,
          nicolae_vehumet_altar_sigil
Temple:   jpeg_temple_island
Depths:1: layout_cave_pools, enter_ziggurat_c, nicolae_figureground_pulse,
          hellmouth_1, rand_demon_pan_entry_8, minmay_liquid_box,
          chequers_serial_rivers_marsh, fedhas_altar_fruit_tree

Notes
Turn   | Place    | Note
-------+----------+-------------------------------------------
     0 | D:1      | sanka the Minotaur Fighter began the quest for the Orb.
     0 | D:1      | Reached XP level 1. HP: 19/19 MP: 0/0
     2 | D:1      | Noticed an electric eel
    47 | D:1      | Reached skill level 4 in Fighting
    71 | D:1      | Reached skill level 3 in Maces & Flails
    71 | D:1      | Reached XP level 2. HP: 27/27 MP: 1/1
   344 | D:1      | Reached skill level 4 in Maces & Flails
   344 | D:1      | Reached XP level 3. HP: 33/33 MP: 2/2
   749 | D:2      | Reached skill level 5 in Maces & Flails
   749 | D:2      | Reached XP level 4. HP: 40/40 MP: 3/3
  1404 | D:3      | Reached skill level 6 in Maces & Flails
  1435 | D:3      | Reached XP level 5. HP: 35/46 MP: 4/4
  1515 | D:3      | Noticed Grinder
  1695 | D:3      | Killed Grinder
  1696 | D:3      | Reached skill level 8 in Maces & Flails
  1696 | D:3      | Reached XP level 6. HP: 25/52 MP: 5/5
  2291 | D:4      | Reached skill level 9 in Maces & Flails
  2337 | D:4      | Reached XP level 7. HP: 59/59 MP: 6/6
  2451 | D:4      | Reached skill level 10 in Maces & Flails
  2545 | D:4      | Noticed Menkaure
  2553 | D:4      | Killed Menkaure
  2902 | D:4      | Noticed Pikel
  2914 | D:4      | Killed Pikel
  2915 | D:4      | Reached skill level 12 in Maces & Flails
  2915 | D:4      | Reached XP level 8. HP: 31/66 MP: 7/7
  3218 | D:4      | Reached skill level 4 in Armour
  3245 | D:4      | Noticed Dowan
  3247 | D:4      | Noticed Duvessa
  3256 | D:4      | Killed Duvessa
  3268 | D:4      | Killed Dowan
  3612 | D:5      | Entered Level 5 of the Dungeon
  3618 | D:5      | Reached skill level 5 in Fighting
  3687 | D:5      | Reached skill level 5 in Armour
  3969 | D:5      | Found an iron altar of Okawaru.
  4109 | D:5      | Reached skill level 6 in Fighting
  4190 | D:5      | Reached skill level 6 in Armour
  4305 | D:5      | Found a runed translucent gate.
  4305 | D:5      | Found a runed translucent gate.
  4305 | D:5      | Found a runed translucent gate.
  4313 | D:5      | Noticed Farlane's ghost (novice TrSh)
  4389 | D:5      | Reached XP level 9. HP: 74/78 MP: 8/8
  4466 | D:5      | Reached skill level 7 in Fighting
  4568 | D:6      | Reached skill level 7 in Armour
  4723 | D:6      | Noticed Eustachio
  4750 | D:6      | Killed Eustachio
  4762 | D:6      | Reached skill level 8 in Fighting
  5004 | D:6      | Found a sparkling altar of Nemelex Xobeh.
  5066 | D:6      | Reached skill level 8 in Armour
  5522 | D:7      | Found Juinkenut's Book Shop.
  5581 | D:7      | Found a staircase to the Ecumenical Temple.
  5590 | Temple   | Entered the Ecumenical Temple
  5609 | Temple   | Became a worshipper of the Shining One
  5742 | D:7      | Found a shimmering altar of Xom.
  5744 | D:7      | Found a radiant altar of Vehumet.
  5745 | D:7      | Found a broken altar of Ashenzari.
  5749 | D:7      | Found an ornate altar of the Wu Jian Council.
  5759 | D:7      | Found a burning altar of Makhleb.
  5761 | D:7      | Found a blossoming altar of Fedhas.
  5762 | D:7      | Found a stormy altar of Qazlal.
  5765 | D:7      | Found a basalt altar of Yredelemnul.
  5768 | D:7      | Found a hazy altar of Hepliaklqana.
  5769 | D:7      | Found an ancient bone altar of Kikubaaqudgha.
  5821 | D:7      | Reached skill level 9 in Fighting
  5839 | D:7      | Reached skill level 9 in Armour
  5921 | D:7      | Found Evucuik's Book Shop.
  5951 | D:7      | Found Ekuoq's Armour Shoppe.
  5992 | D:7      | Found a flagged portal.
  6010 | Bailey   | Entered a bailey
  6231 | Bailey   | Reached XP level 10. HP: 82/92 MP: 9/9
  6269 | Bailey   | Reached skill level 10 in Fighting
  6592 | D:7      | Found Talosokk's Assorted Antiques.
  6862 | D:7      | Reached * piety under the Shining One
  7341 | D:7      | Bought the +1 pair of gloves of Uskayaw, Rescuing {rN+
                  | Dex+3} for 324 gold pieces
  7393 | D:7      | Bought a tower shield for 99 gold pieces
  7463 | D:8      | Identified +0 swamp dragon scales
  7463 | D:8      | Noticed Maggie
  7469 | D:8      | Reached skill level 10 in Armour
  7469 | D:8      | Reached skill level 4 in Shields
  7566 | D:8      | Killed Maggie
  7567 | D:8      | Reached skill level 5 in Shields
  7767 | D:8      | Found Fovvonou's General Store.
  8173 | D:9      | Reached skill level 6 in Shields
  8195 | D:7      | The Shining One protects you from harm!
  8577 | D:9      | Reached skill level 7 in Shields
  8587 | D:9      | Reached skill level 11 in Fighting
  8810 | D:9      | Noticed a rust devil
  8812 | D:9      | Noticed a smoke demon
  8813 | D:9      | Noticed a smoke demon
  8862 | D:9      | Reached skill level 11 in Armour
  9835 | D:5      | Reached skill level 8 in Shields
  9844 | D:5      | Killed Farlane's ghost
  9845 | D:5      | Reached XP level 11. HP: 102/102 MP: 10/10
 10357 | D:10     | Entered Level 10 of the Dungeon
 10371 | D:10     | Found a glowing silver altar of Zin.
 10402 | D:10     | Identified the +0 leather armour of the Lute {Str+4}
 10432 | D:10     | Identified +0 acid dragon scales
 10502 | D:10     | Reached skill level 9 in Shields
 10840 | D:10     | Found a staircase to the Orcish Mines.
 11073 | D:11     | Noticed a centaur warrior
 11079 | D:11     | Killed a centaur warrior
 11107 | D:11     | Reached ** piety under the Shining One
 11152 | D:11     | Noticed Erolcha
 11159 | D:11     | Killed Erolcha
 11160 | D:11     | Reached skill level 10 in Shields
 11168 | D:11     | Reached skill level 12 in Fighting
 11480 | D:11     | Noticed a two-headed ogre
 11485 | D:11     | Killed a two-headed ogre
 11486 | D:11     | Reached skill level 12 in Armour
 11542 | D:11     | Found a staircase to the Lair.
 11542 | D:11     | Found a runed translucent door.
 11575 | D:11     | Reached skill level 11 in Shields
 11703 | D:11     | Noticed Skimidon's ghost (journeyman TrSh)
 11987 | D:11     | Killed Skimidon's ghost
 11995 | D:11     | Identified the +6 orcbow "Inuso" {drain, rF- rN+ Will+}
 12040 | D:12     | Reached skill level 12 in Shields
 12122 | D:12     | Noticed a boulder beetle
 12153 | D:12     | Killed a boulder beetle
 12466 | D:12     | Noticed Frances
 12483 | D:12     | Killed Frances
 12484 | D:12     | Reached skill level 13 in Shields
 12484 | D:12     | Reached XP level 12. HP: 39/112 MP: 11/11
 12742 | D:12     | Noticed a two-headed ogre
 12748 | D:12     | Killed a two-headed ogre
 12842 | D:12     | Reached skill level 14 in Shields
 13304 | D:13     | Reached skill level 15 in Shields
 13479 | D:13     | Noticed a centaur warrior
 13498 | D:13     | Killed a centaur warrior
 13618 | D:13     | Noticed a boulder beetle
 13628 | D:13     | Killed a boulder beetle
 13629 | D:13     | Reached skill level 13 in Fighting
 13629 | D:13     | Reached skill level 13 in Armour
 13771 | D:13     | Reached *** piety under the Shining One
 13922 | D:13     | Found an opulent altar of Gozag.
 14000 | D:13     | Noticed a centaur warrior
 14007 | D:13     | Killed a centaur warrior
 14176 | D:14     | Noticed a centaur warrior
 14189 | D:14     | Noticed a boulder beetle
 14204 | D:14     | Noticed a centaur warrior
 14214 | D:14     | Noticed a boulder beetle
 14223 | D:14     | Killed a boulder beetle
 14229 | D:14     | Reached XP level 13. HP: 103/123 MP: 12/12
 14243 | D:14     | Reached skill level 14 in Fighting
 14243 | D:14     | Reached skill level 14 in Armour
 14424 | D:14     | Reached **** piety under the Shining One
 15058 | D:14     | Reached skill level 15 in Fighting
 15152 | D:14     | Reached skill level 15 in Armour
 15190 | D:14     | Found a gate to the Vaults.
 15391 | D:15     | Entered Level 15 of the Dungeon
 15421 | D:15     | Reached skill level 13 in Maces & Flails
 15621 | D:15     | Found a staircase to the Depths.
 15621 | D:15     | Noticed a dire elephant
 15655 | D:15     | Killed a dire elephant
 15656 | D:15     | Reached skill level 14 in Maces & Flails
 15803 | D:15     | Found a radiant altar of Vehumet.
 16032 | D:15     | Reached skill level 1 in Invocations
 16035 | D:15     | Reached ***** piety under the Shining One
 16239 | Depths:1 | Entered Level 1 of the Depths
 16239 | Depths:1 | Noticed a white very ugly thing
 16244 | Depths:1 | Noticed a white very ugly thing
 16258 | D:15     | Killed a purple very ugly thing
 16262 | D:15     | Reached skill level 2 in Invocations
 16265 | Depths:1 | Noticed a white very ugly thing
 16281 | D:15     | Killed a white very ugly thing
 16282 | D:15     | Reached XP level 14. HP: 82/135 MP: 14/14
 16416 | D:15     | Killed a white very ugly thing
 16468 | Depths:1 | Noticed a stone giant
 16657 | D:15     | Killed a stone giant
 16658 | D:15     | Reached skill level 3 in Invocations
 16917 | D:15     | Reached skill level 15 in Maces & Flails
 17270 | Depths:1 | Found a one-way gateway to a ziggurat.
 17270 | Depths:1 | Noticed a dread lich
 17464 | Depths:1 | Reached skill level 4 in Invocations
 17573 | Depths:1 | Noticed a stone giant
 17590 | Depths:1 | Killed a stone giant
 17626 | Depths:1 | Found a blossoming altar of Fedhas.
 17674 | Depths:1 | Identified the +2 scimitar "Ykihoewk" {antimagic, SInv}
 18069 | Depths:1 | Reached skill level 5 in Invocations
 18107 | Depths:1 | Reached skill level 16 in Maces & Flails
 18107 | Depths:1 | Reached skill level 1 in Dodging
 18119 | Depths:1 | Reached skill level 2 in Dodging
 18249 | Depths:1 | Reached skill level 3 in Dodging
 18249 | Depths:1 | Noticed a tengu reaver
 18271 | Depths:1 | Killed from afar by a tengu reaver

Vanquished Creatures
  Frances (D:12)
  2 stone giants
  3 very ugly things (D:15)
  The ghost of Skimidon the Grappler, a journeyman TrSh of Ru (D:11)
  A dire elephant (D:15)
  A merfolk impaler (Depths:1)
  2 hydras (D:15)
  A vault guard (D:14)
  Erolcha (D:11)
  2 ice dragons
  10 centaur warriors
  A death knight (D:15)
  4 boulder beetles
  A tengu warrior (Depths:1)
  2 two-headed ogres
  An occultist (D:14)
  A sun demon (Depths:1)
  A skeletal warrior (D:15)
  2 deep elf pyromancers (D:12)
  Pikel (D:4)
  A wolf spider (D:14)
  21 ugly things
  2 salamanders
  A cyclops (D:14)
  8 manticores
  A meliai (shapeshifter) (D:13)
  An elephant (shapeshifter) (Depths:1)
  The ghost of Farlane the Ruffian, a novice TrSh (D:5)
  Maggie (D:8)
  An unseen horror (D:11)
  5 gargoyles
  2 kobold demonologists
  A rime drake (shapeshifter) (D:14)
  An efreet (D:14)
  A yaktaur (D:14)
  3 freezing wraiths
  An unseen horror (shapeshifter) (D:15)
  Grinder (D:3)
  3 trolls
  A raiju (shapeshifter) (D:15)
  A glass eye (Depths:1)
  3 water elementals
  4 slime creatures (D:13)
  2 centaur simulacra (D:14)
  A vampire (D:11)
  3 wraiths
  A wyvern (D:7)
  Eustachio (D:6)
  17 yaks
  A golden eye (shapeshifter) (D:14)
  A basilisk (D:12)
  A warg (shapeshifter) (D:14)
  Menkaure (D:4)
  10 vampire mosquitoes
  3 acid dragons
  2 water moccasins (D:7)
  8 orc warriors
  A sky beast (D:4)
  Duvessa (D:4)
  3 ogres
  2 black bears
  4 laughing skulls
  2 ice beasts
  A boggart (D:14)
  14 centaurs
  A lemure (D:4)
  A phantom (D:5)
  4 kobold brigands
  5 bullfrogs
  A gnoll sergeant (D:11)
  6 scorpions
  3 wights (D:7)
  Dowan (D:4)
  8 killer bees
  2 howler monkeys
  3 bombardier beetles
  7 hounds
  3 gnoll boudas
  4 orc priests
  A sleepcap (D:5)
  2 iguanas
  9 orc wizards
  23 gnolls
  10 adders
  2 shadow imps
  2 white imps
  2 ufetubi (D:6)
  5 dart slugs
  39 orcs
  12 ball pythons
  7 endoplasms
  2 giant cockroaches
  19 goblins
  8 hobgoblins
  A jackal (D:1)
  40 kobolds
  7 quokkas
  10 bats
  3 frilled lizards
  6 rats
443 creatures vanquished.

Vanquished Creatures (others)
  A deep elf pyromancer (D:14)
  A centaur simulacrum (D:14)
  A hornet simulacrum (D:14)
  An orc (D:8)
  A rat (D:1)
5 creatures vanquished.

Grand Total: 448 creatures vanquished
